Barnabas, lawful female human Monk ---------- ---------------- -------- |........| ----------- ##|..............|########.......| #.........| |....|.....# # |...............########|......| #|.........# |......<..|# ### |..............|# #.......| #----------# |....|....|# # |..............| |......| #### # |...>|....|# # ---.------------ |......| # # |....-....|# # #### ----|--- # # |....|....|# # ## # # ##@# |....|....|####################0### # # #---- ---+-------# # #--.---.-- # ### # #|..| ######### # #|.......| ### # # #|..| ### # #|.......| # -.-------# #...| # # #|........###### |.......|# ---- ### # ###|.......| |.......|# # -----# # |.......| |.......|# ###|...|### --------- |........# #-....# --------- ----- Barnabas the Candidate Experience level: 1 Strength: 16 Dexterity: 11 Constitution: 11 Intelligence: 10 Wisdom: 16 Charisma: 11 Health: 14(14) Energy: 5(5) AC: 4 Gold: 165 Moves: 818 Your Inventory: Coins $ - 165 gold pieces Amulets n - a [cursed] hexagonal amulet [of restful sleep] Weapons w - an [uncursed +0] flail (weapon in hand) y - an [uncursed +0] axe Armor a - an uncursed +2 pair of leather gloves (being worn) b - an uncursed +1 robe (being worn) k - a blessed +1 orcish chain mail of brilliance q - an [uncursed +0] studded leather armor z - an [uncursed +0] plumed helmet [of brilliance] Comestibles f - 3 uncursed food rations g - 6 uncursed apples h - 5 uncursed oranges i - 5 uncursed fortune cookies C - an [uncursed] carrot Scrolls d - an uncursed scroll of magic mapping r - an [uncursed] scroll labeled VENZAR BORGAVVE [of destroy armor] s - an [uncursed] scroll labeled HAPAX LEGOMENON [of confuse monster] Spellbooks c - a blessed spellbook of protection Potions e - 3 uncursed potions of healing x - a [cursed] ruby potion [of acid] B - a [blessed] milky potion [of see invisible] Rings o - an [uncursed] brass ring [of shock resistance] p - a [cursed] porcelain ring [of polymorph] Tools j - an uncursed magic marker (0:45) A - an [uncursed] large box Contents of the large box: a [cursed] ochre potion [of gain level] an [uncursed] green gem [worthless glass] an [uncursed] red gem [garnet] Spells known in the end: Name Level Category Fail Memory a - protection 1 clerical 0% [||||||||] Your skills at the end: Fighting Skills martial arts [Basic / Grand Master] Weapon Skills Spellcasting Skills healing spells [Basic / Expert] Final Attributes: You were fervently aligned. Hunger level was 476. Your alignment was 13 / 14. Monster difficulty range was 0 - 1. Level difficulty was 2. You were immune to sleep. You saw invisible. You were fast. Your luck was zero. You survived. Vanquished creatures: 5 jackals a lichen 2 kobold zombies 3 newts 11 creatures vanquished. Voluntary challenges: You were an atheist. You pretended to be a vegetarian. You never hit with a wielded weapon. You read items or engraved 2 times. You put on armor 2 times. You never genocided any monsters. You never polymorphed an object. You never changed form. You used no wishes. You never wrote Elbereth's name. You never encountered a bones level. You never used any Sokoban shortcuts. Dungeon overview: The Dungeons of Doom: levels 1 to 3 Level 1 an altar, some fountains a long staircase Level 2 <- You were here History has recorded: On T:1 you entered the Dungeons of Doom to retrieve the Amulet of Yendor! On T:259 you reached level 2 of The Dungeons of Doom. On T:311 you reached level 3 of The Dungeons of Doom. Latest messages: Unix DynaHack Version 0.6.0 - last build Thu Apr 28 20:11:41 2016. [2 turns] (4x) You have a little trouble lifting $ - 81 gold pieces. There is nothing here to pick up. You see here a large box. A - a large box. You rebalance your load. Movement is difficult. [2 turns] (4x) B - a milky potion. There is nothing here to pick up. [2 turns] (10x) You see here a carrot. [2 turns] C - a carrot. [2 turns] (6x) w - a flail (weapon in hand). [2 turns] Never mind. Never mind. Final status: Punardarsanaya Barnabas the Monk... You quit in The Dungeons of Doom on dungeon level 2 with 331 points, and 165 pieces of gold, after 818 moves. You were level 1 with a maximum of 14 hit points when you quit.